 Dungeon Crawl Stone Soup version 0.20-a0-556-g892c87b (webtiles) character file.

11411 Faca the Cleaver (level 12, -6/141 HPs)
             Began as a Formicid Fighter on Jan 31, 2017.
             Was a High Priest of Okawaru.
             Mangled by Snorg (7 damage)
             ... on level 9 of the Dungeon on Feb 5, 2017.
             The game lasted 00:34:06 (9318 turns).

Faca the Cleaver (Formicid Fighter)                 Turns: 9318, Time: 00:34:07

Health: -6/141     AC: 26    Str: 21    XL:     12   Next: 7%
Magic:  12/12      EV:  2    Int:  9    God:    Okawaru [*****.]
Gold:   699        SH: 19    Dex: 18    Spells: 11/11 levels left

rFire    . . .     SeeInvis .   a - +1 war axe
rCold    . . .     Gourm    .   (armour currently unavailable)
rNeg     + + +     Faith    .   c - +0 shield
rPois    +         Spirit   .   (helmet unavailable)
rElec    .         Reflect  +   (cloak currently unavailable)
rCorr    .         Harm     .   (gloves currently unavailable)
MR       ++...                  (boots currently unavailable)
Stlth    ++........             C - +6 amulet of reflection
Regen    0.4/turn               u - ring of protection from magic
                                n - +4 ring of dexterity

@: tree-form
A: permanent stasis, dig shafts and tunnels, four strong arms, (antennae 0)
a: Heroism, Finesse, Renounce Religion


You were on level 9 of the Dungeon.
You worshipped Okawaru.
Okawaru was extremely pleased with you.
You were not hungry.
You were a tree.
You visited 2 branches of the dungeon, and saw 11 of its levels.

You collected 699 gold pieces.

Inventory:

Hand Weapons
 a - a +1 war axe (weapon)
 r - a +0 morningstar of flaming
Armour
 b - a +0 cloak (melded)
 c - a +0 shield (worn)
 m - a +0 pair of boots (melded)
 s - a +0 pair of gloves (melded)
 E - a +0 large shield
 H - a +2 plate armour of magic resistance
 I - a +1 plate armour of poison resistance (melded)
Jewellery
 n - a +4 ring of dexterity (left branch)
 u - a ring of protection from magic (right branch)
 w - an uncursed ring of flight
 C - a +6 amulet of reflection (around neck)
Wands
 J - a wand of lightning (11/15)
Scrolls
 k - a scroll of summoning {unknown}
 l - 6 scrolls of recharging
 o - 7 scrolls of remove curse
 p - a scroll of identify
 q - a scroll of fear
 v - 2 scrolls of enchant armour
 x - a scroll of blinking {unknown}
 y - a scroll of enchant weapon
 B - 2 scrolls of fog
 G - a scroll of magic mapping
Potions
 d - 2 potions of might
 e - 2 potions of lignification
 h - 2 potions of agility
 t - a potion of ambrosia
 z - 3 potions of curing
 A - 2 potions of flight
 D - a potion of brilliance
Comestibles
 f - 10 bread rations
 g - 7 meat rations
 j - 5 royal jellies


   Skills:
 + Level 8.7 Fighting
 + Level 12.2 Axes
 + Level 7.9 Armour
 + Level 1.5 Dodging
 + Level 1.1 Stealth
 + Level 11.4 Shields


You had 11 spell levels left.
You didn't know any spells.

Dungeon Overview and Level Annotations

Branches:
Dungeon (10/15)            Temple (1/1) D:6            Lair (0/6) D:8
    Orc (0/2) D:9

Altars:
Cheibriados
Fedhas
Gozag
Makhleb
Nemelex Xobeh
Okawaru
Ru
Sif Muna
Trog
Xom

Shops:
D:4 *   D:5 :

Annotations:
D:9 Snorg


Innate Abilities, Weirdness & Mutations

You cannot be hasted, slowed, berserked, paralysed or teleported.
You can dig through walls and to a lower floor.
Your four strong arms can wield two-handed weapons with a shield.
((You have a pair of large antennae on your head. (SInv)))


Message History

You block Snorg's attack. x2
You barely miss Snorg.
Snorg is moderately wounded.
Snorg bites you but does no damage. You block Snorg's attack. x2
You hit Snorg but do no damage.
Snorg is moderately wounded.
You block Snorg's attack. Snorg completely misses you.
You block Snorg's attack.
You slash Snorg!
Snorg is moderately wounded.
You block Snorg's attack. x2; Snorg claws you!
* * * LOW HITPOINT WARNING * * *
Snorg bites you but does no damage. Snorg completely misses you.
Snorg claws you but does no damage.
You hit Snorg.
Snorg is moderately wounded.
Snorg bites you.
* * * LOW HITPOINT WARNING * * *
You block Snorg's attack. Snorg claws you!
You die...

###'#............#...............
.........#...#.#.#.########.....#
................[.(..............
.............#.#.#.#....###.....#
....###.#....#...#(#<.....#.....#
....# #.#))..##..#.#....#.#......
....# #.#)#####..#.[......####.(.
....# #.#)# #..###.......# #...
....# #.#.# #.♣T.........###...
....# #.#.# ##†###.............
.#### #.#.# #.##.....###...### .#
#.#.# #.##.....# #...### .# #.#.#
#.##.....# #......
.######.#.######.##.....# #......
........#...............###......
.########......#.##.....#........
.# #..........#.##.[..(#.#...[..


You could see Snorg (berserk).

Vanquished Creatures
  A two-headed ogre (D:8)
  The ghost of zazu2006 the Reanimator, a novice DDNe of Okawaru (D:8)
  Pikel (D:4)
  2 trolls
  Grinder (D:3)
  4 hippogriffs
  2 wyverns (D:9)
  15 yaks
  3 hogs (D:9)
  A human (D:9)
  A hungry ghost (D:7)
  3 wargs (D:7)
  A slave (D:4)
  2 sky beasts
  4 orc warriors
  3 ice beasts
  A necrophage (D:6)
  A black bear (D:8)
  6 phantoms
  4 ogres
  A centaur (D:9)
  2 crocodiles
  A big kobold (D:9)
  The ghost of Valhallen the Sneak, an amateur SpAs (D:3)
  5 bullfrogs
  4 scorpions
  7 killer bees
  3 howler monkeys
  A bullfrog zombie (D:6)
  3 crimson imps
  2 hounds
  2 jellies
  13 orc priests
  2 bullfrog skeletons
  2 centaur skeletons
  13 orc wizards
  Terence (D:2)
  7 worker ants
  2 hound skeletons
  A worker ant zombie (D:5)
  2 howler monkey skeletons
  9 adders
  2 adder skeletons
  6 worms
  2 dart slugs
  6 leopard geckos
  66 orcs
  3 giant cockroaches
  4 goblins
  9 hobgoblins
  5 jackals
  2 quokkas
  3 ball pythons
  10 bats
  4 frilled lizards
  9 kobolds
  A quokka zombie (D:6)
  7 rats
280 creatures vanquished.

Vanquished Creatures (others)
  A hound (D:4)
  4 orcs
  A jackal (D:4)
  A quokka (D:4)
  A frilled lizard (D:4)
8 creatures vanquished.

Grand Total: 288 creatures vanquished

Notes
Turn   | Place    | Note
-------+----------+-------------------------------------------
     0 | D:1      | Faca the Formicid Fighter began the quest for the Orb.
     0 | D:1      | Reached XP level 1. HP: 18/18 MP: 1/1
    62 | D:1      | Reached XP level 2. HP: 21/24 MP: 2/2
   221 | D:1      | Upgraded the game from 0.20-a0-544-g2b9a704 to 0.20-a0-556-g892c87b
   284 | D:1      | Reached XP level 3. HP: 29/29 MP: 3/3
   806 | D:2      | Found a faded altar of an unknown god.
  1040 | D:2      | Noticed Terence
  1042 | D:2      | Reached XP level 4. HP: 36/36 MP: 4/4
  1048 | D:2      | Killed Terence
  1048 | D:2      | Reached skill level 3 in Axes
  1137 | D:2      | Reached XP level 5. HP: 37/42 MP: 5/5
  1546 | D:3      | Reached skill level 1 in Dodging
  1691 | D:3      | Noticed Grinder
  1734 | D:3      | Killed Grinder
  1734 | D:3      | Reached skill level 4 in Axes
  1734 | D:3      | Reached skill level 5 in Shields
  1734 | D:3      | Reached XP level 6. HP: 16/48 MP: 6/6
  1734 | D:3      | Reached XP level 7. HP: 18/54 MP: 7/7
  2012 | D:3      | Noticed Valhallen's ghost (amateur SpAs)
  2021 | D:3      | Killed Valhallen's ghost
  2021 | D:3      | Reached skill level 5 in Axes
  2183 | D:4      | Got a pitted dagger
  2184 | D:4      | Identified the +2 dagger of Fobemm {freeze, rElec Int-4 Dex+4} (You found it on level 4 of the Dungeon)
  2250 | D:4      | Noticed Pikel
  2278 | D:4      | Killed Pikel
  2278 | D:4      | Reached skill level 6 in Axes
  2278 | D:4      | Reached XP level 8. HP: 48/61 MP: 8/8
  2345 | D:4      | Found a blossoming altar of Fedhas.
  2661 | D:4      | Reached skill level 7 in Axes
  2661 | D:4      | Reached skill level 5 in Armour
  2803 | D:4      | Found Biatur's General Store.
  3118 | D:5      | Entered Level 5 of the Dungeon
  3218 | D:5      | Found Komejuej's Book Shop.
  3403 | D:5      | Found a snail-covered altar of Cheibriados.
  3501 | D:5      | Reached skill level 5 in Fighting
  3535 | D:5      | Found a shimmering altar of Xom.
  3535 | D:5      | Found a sacrificial altar of Ru.
  3535 | D:5      | Found a deep blue altar of Sif Muna.
  3755 | D:6      | Reached XP level 9. HP: 68/68 MP: 9/9
  4143 | D:6      | Reached skill level 8 in Axes
  4339 | D:6      | Found a staircase to the Ecumenical Temple.
  4344 | Temple   | Entered the Ecumenical Temple
  4358 | Temple   | Became a worshipper of Warmaster Okawaru
  5380 | D:7      | Reached * piety under Okawaru
  5380 | D:7      | Reached skill level 9 in Axes
  5778 | D:7      | Reached XP level 10. HP: 70/76 MP: 10/10
  6131 | D:7      | Reached skill level 10 in Axes
  6307 | D:8      | Reached ** piety under Okawaru
  6427 | D:8      | Noticed zazu2006's ghost (novice DDNe)
  6774 | D:8      | Killed zazu2006's ghost
  6774 | D:8      | Reached *** piety under Okawaru
  6801 | D:8      | Noticed a two-headed ogre
  6897 | D:8      | Killed a two-headed ogre
  6897 | D:8      | Reached skill level 10 in Shields
  6897 | D:8      | Reached XP level 11. HP: 72/84 MP: 11/11
  7034 | D:8      | Found a sparkling altar of Nemelex Xobeh.
  7109 | D:8      | Found a staircase to the Lair.
  7384 | D:9      | Reached skill level 11 in Axes
  7393 | D:9      | Reached **** piety under Okawaru
  7393 | D:9      | Reached skill level 1 in Stealth
  7590 | D:9      | Received a gift from Okawaru
  7656 | D:9      | Found a staircase to the Orcish Mines.
  8350 | D:10     | Entered Level 10 of the Dungeon
  8496 | D:10     | Reached ***** piety under Okawaru
  8923 | D:10     | Reached skill level 12 in Axes
  9044 | D:10     | Noticed Snorg
  9081 | D:10     | Reached XP level 12. HP: 64/94 MP: 12/12
  9313 | D:9      | HP: 1/141 [Snorg (9)]
  9318 | D:9      | HP: 1/141 [Snorg (3)]
  9318 | D:9      | Mangled by Snorg

Vault maps used:
D:1:      minmay_arrival_shattered_statue, minivault_14
D:2:      first_bread, chequers_ecumenical_altar_simple, uniq_terence
D:3:      kennysheep_decorative_pillar, due_unseen_surprise, uniq_grinder
D:4:      fedhas_altar_fruit_tree, serial_shops, kennysheep_little_box,
          uniq_pikel
D:5:      gammafunk_temple_overflow_claw, serial_shops, shop,
          chequers_big_river, cheibriados_altar_1
D:6:      minmay_temple_entry_nine_rooms, grunt_ministairs_8
D:8:      nemelex_altar_shiori, erik_lair_orcish_takeover
D:9:      hiddenorc2_lemuel, grunt_livestock
D:10:     uniq_snorg
Temple:   nicolae_temple_elliptical

Skill      XL: |  1  2  3  4  5  6  7  8  9 10 11 |
---------------+----------------------------------+-----
Shields        | 4 5 6 8 10 11 | 11.4
Axes           | 3 4 6 7 9 10 12 | 12.2
Armour         | 4 5 6 7 |  7.9
Dodging        | 1 |  1.5
Fighting       | 4 5 6 7 8 |  8.7
Stealth        | 1 |  1.1

Action                   |  1- 3 |  4- 6 |  7- 9 | 10-12 || total
-------------------------+-------+-------+-------+-------++-------
Melee: War axe           |   131 |    80 |   379 |   597 ||  1187
 Abil: Dig               |       |       |     1 |       ||     1
  Use: Scroll            |     2 |       |    14 |     6 ||    22
       Potion            |       |     1 |     2 |     3 ||     6
  Eat: Chunk             |     1 |       |     3 |     2 ||     6
       Fruit             |       |     4 |    10 |       ||    14
       Meat ration       |       |       |     1 |     1 ||     2
       Royal jelly       |       |       |       |     1 ||     1
Armor: Scale mail        |    69 |    19 |       |       ||    88
       Plate armour      |       |    27 |   130 |   229 ||   386
       Skin              |       |       |       |    14 ||    14
Dodge: Dodged            |    50 |    21 |    66 |    99 ||   236
Block: Shield            |    92 |    46 |   205 |   596 ||   939
       Reflection        |       |       |     2 |    11 ||    13
       Large shield      |       |       |       |     4 ||     4
